 Dungeon Crawl Stone Soup version 0.13.0-18-g7b03ea5 (webtiles) character file.

13510 Ragg the Fighter (level 11, -7/69 HPs)
             Began as a Gargoyle Berserker on Oct 24, 2013.
             Was an Elder of Trog.
             Mangled by a hill giant
             ... wielding a +0,+0 giant club
              (13 damage)
             ... on Level 12 of the Dungeon.
             The game lasted 01:23:41 (10237 turns).

Ragg the Fighter (Gargoyle Berserker)              Turns: 10237, Time: 01:23:43

HP  -7/69        AC 27     Str 23      XL: 11   Next: 97%
MP  10/10        EV  6     Int  7      God: Trog [****..]
Gold 805         SH  0     Dex 11      Spells:  0 memorised, 10 levels left

Res.Fire  : . . .   See Invis. : .   u - +0,+1 lajatang (speed)
Res.Cold  : + . .   Warding    : .   N - +0 orc plate armour
Life Prot.: + . .   Conserve   : .   (no shield)
Res.Poison: +       Res.Corr.  : .   (no helmet)
Res.Elec. : +       Clarity    : .   (no cloak)
Sust.Abil.: . .     Spirit.Shd : .   Q - +0 pair of gauntlets
Res.Mut.  : .       Stasis     : .   w - +2 pair of dwarf boots
Res.Rott. : +       Flight     : .   (no amulet)
Saprovore : . . .                    (no ring)
                                     F - ring of protection from cold

@: regenerating (expiring), very resistant to hostile enchantments, extremely
unstealthy
A: fangs 1, talons 2, life protection 1, electricity resistance, slow metabolism
1, unbreathing, petrification resistance, AC +7
a: Burn Spellbooks, Berserk, Trog's Hand, Brothers in Arms, Renounce Religion


You were on level 12 of the Dungeon.
You worshipped Trog.
Trog was greatly pleased with you.
You were very hungry.

You visited 2 branches of the dungeon, and saw 14 of its levels.

You collected 785 gold pieces.

Inventory:

Hand weapons
 u - a +0,+1 lajatang of speed (weapon)
Armour
 w - a +2 pair of dwarven boots (worn)
 H - a +2 robe of fire resistance
 N - a +0 orcish plate armour (worn)
 Q - a +0 pair of gauntlets (worn)
 V - a +2 robe of positive energy
 Z - a +3 orcish scale mail
Magical devices
 r - a wand of disintegration (13)
 y - a wand of digging (10)
 C - a wand of frost (7) {unknown}
 D - a wand of disintegration (14)
 K - a wand of flame (11)
 M - a wand of lightning (4)
 S - a wand of disintegration (15)
Comestibles
 c - 5 bread rations
 d - 15 sultanas
 h - 3 rotting chunks of orc flesh
 i - a beef jerky
 l - 4 chokos
 m - 4 meat rations
 B - a pear
 L - a lychee
 R - an apple
 W - a honeycomb
Scrolls
 b - 5 scrolls of random uselessness
 k - 2 scrolls of recharging
 p - 6 scrolls of identify
 q - a scroll of remove curse
 t - a scroll of amnesia
 x - a scroll of enchant weapon I {unknown}
 A - a scroll of immolation {unknown}
 E - a scroll of curse armour {unknown}
 G - a scroll of vulnerability {unknown}
 I - a scroll of enchant weapon III {unknown}
 T - a scroll of teleportation {unknown}
Jewellery
 F - a ring of protection from cold (left hand)
Potions
 a - a potion of paralysis {unknown}
 e - a potion of agility
 f - 6 potions of curing
 g - 2 potions of confusion {unknown}
 j - a potion of heal wounds {unknown}
 n - 2 potions of brilliance
 v - a potion of invisibility {unknown}
 z - 2 potions of might {unknown}
 J - a potion of slowing {unknown}
 O - a potion of flight {unknown}
 P - 2 potions of restore abilities {unknown}
 U - a potion of berserk rage {unknown}
Books
 X - a book of Annihilations {highlevel}

   This book is beyond your current level of understanding.

   Spells                             Type                      Level
   Poison Arrow                       Conjuration/Poison           6
   Orb of Destruction                 Conjuration                  7
   Chain Lightning                    Conjuration/Air              8
   Lehudib's Crystal Spear            Conjuration/Earth            8
   Ice Storm                          Conjuration/Ice              9
   Fire Storm                         Conjuration/Fire             9
   Trog disapproves of the use of such an item.


   Skills:
 + Level 10.3 Fighting
   Level 8.8 Maces & Flails
 - Level 8.4 Staves
 + Level 10.2 Armour
 + Level 8.8 Dodging
 - Level 2.0 Stealth
 - Level 0.2 Evocations


You had 10 spell levels left.
You didn't know any spells.

Dungeon Overview and Level Annotations

Branches:
Dungeon (12/27)            Temple (0/1) D:7             Orc (2/4) D:10
   Lair (0/8) D:10

Altars:
Ashenzari
Cheibriados
Fedhas
Nemelex Xobeh
Okawaru
Vehumet
Yredelemnul
the Shining One

Shops:
D:5 =   D:8 %

Annotations:
D:9 !


Innate Abilities, Weirdness & Mutations

You are resistant to torment.
You are immune to poison.
Your stone body is very resilient (AC +7).
You have very sharp teeth.
You have razor-sharp toenails.
You resist negative energy.
You are resistant to electric shocks.
You have a slow metabolism.
You can survive without breathing.
You are immune to petrification.


Message History

Press: ? - help, Shift-Dir - straight line, f/p - hill giant
Aim: a hill giant, wielding a giant club (moderately wounded)
You hear a mighty clap of thunder!
The bolt of lightning hits the hill giant.
The hill giant is heavily wounded.
The hill giant closely misses you.
The steam dragon bites you but does no damage.
The steam dragon claws you but does no damage.
Evoke which item? (* to show all) (? for menu, Esc to quit)
Zapping:
M - a wand of lightning {zapped: 2}
Press: ? - help, Shift-Dir - straight line, f/p - hill giant
Aim: a hill giant, wielding a giant club (heavily wounded)
You hear a mighty clap of thunder!
The bolt of lightning hits the hill giant.
The hill giant is heavily wounded.
The steam dragon breathes steam at you. The ball of steam hits you!
* * * LOW HITPOINT WARNING * * *
The hill giant hits you with a giant club!
You die...

** ,* ,,.....,.........,,,,,, ,,,
,,,,,**,.....##w.#.....,,,,,,,,,,
,,,*,,,......C........,,,,,,,,,**
,,,* ,,,,,,,,#.<...#*,,,,,,,,,,*,
**,,,,,* ***##...##**..,,,,,,,,*
*,,,,,*, * ###...##...,,,,,,,,*
***,,,,** #...........,,,,, **
**,,** ###CD.[##..,,*,,,,* ** *
#@...#*,*****,*** #....#*** ***
##.### *##


You could see a hill giant, a steam dragon and a worm.

Vanquished Creatures
  Harold (D:10)
  Erica (D:10)
  The ghost of Ragg the Basher, a powerful GrBe of Trog (D:10)
  Nergalle (D:10)
  Erolcha (D:9)
  3 hill giants (D:10)
  A troll (D:9)
  2 komodo dragons (D:10)
  A two-headed ogre (D:9)
  2 spectral orcs (D:10)
  A shadow (D:11)
  6 yaks
  4 sharks (D:10)
  2 hungry ghosts
  A steam dragon (D:8)
  4 hippogriffs
  Edmund (D:9)
  Menkaure (D:4)
  A manticore (D:8)
  A swamp drake (D:10)
  A necrophage (D:9)
  A black bear (D:9)
  9 orc warriors
  An ice beast (D:5)
  A phantom (D:9)
  2 sky beasts
  8 ogres
  4 centaurs
  2 crocodiles
  3 giant frogs
  9 wights
  2 crimson imps
  A water moccasin zombie (D:10)
  5 orc priests
  8 hounds
  2 giant frog skeletons (D:4)
  9 orc wizards
  3 iguanas
  4 scorpions
  3 worker ants
  A sky beast zombie (D:8)
  A big kobold skeleton (D:8)
  4 gnolls (D:3)
  A steam dragon zombie (D:10)
  13 adders
  2 giant centipedes
  5 giant mites
  4 worms
  3 giant eyeballs
  An iguana skeleton (D:8)
  9 giant geckos
  57 orcs
  A ball python (D:3)
  9 bats
  A giant cockroach (D:4)
  18 hobgoblins
  11 kobolds
  9 giant newts
  11 goblins
  26 jackals
  A kobold skeleton (D:5)
  A kobold zombie (D:5)
  2 quokkas
  A quokka skeleton (D:6)
  A quokka zombie (D:8)
  20 rats
327 creatures vanquished.

Notes
Turn   | Place    | Note
--------------------------------------------------------------
     0 | D:1      | Ragg, the Gargoyle Berserker, began the quest for the Orb.
     0 | D:1      | Reached XP level 1. HP: 14/14 MP: 0/0
   123 | D:1      | Reached XP level 2. HP: 8/19 MP: 1/1
   151 | D:1      | Ragg: phew
   203 | D:1      | Acquired Trog's second power
   203 | D:1      | Reached skill level 4 in Maces & Flails
   371 | D:1      | Reached XP level 3. HP: 13/24 MP: 2/2
   860 | D:2      | Reached XP level 4. HP: 11/28 MP: 3/3
  1428 | D:2      | Reached XP level 5. HP: 33/33 MP: 4/4
  1564 | D:3      | tripwire: The orc motions to raise the roof!
  1740 | D:3      | Acquired Trog's third power
  1753 | D:3      | Found a sparkling altar of Nemelex Xobeh.
  1802 | D:3      | wormskull: Good luck siur Ragg.g I'm ieating Penne and then ice cream in your honor.
  1802 | D:3      | Ragg: thank you
  1920 | D:3      | tripwire: raggs eating gnoll flesh. it tastes terrible!
  1920 | D:3      | Ragg: You gotta do what you gotta do
  1922 | D:3      | Found a shattered altar of Ashenzari.
  1957 | D:3      | tripwire: OOh
  2008 | D:3      | tripwire: ash altar
  2008 | D:3      | tripwire: oh yeah ur already trog
  2008 | D:3      | tripwire: Durr
  2008 | D:3      | Ragg: lol
  2094 | D:3      | tripwire: being able to wear whatever heavy armor u find is a nice part about 'zerkers
  2095 | D:3      | tripwire: see a cursed +0 chain mail aint even the worst thing
  2095 | D:3      | Ragg: yea
  2098 | D:3      | tripwire: its like.. oh no i can't take off this good armor
  2099 | D:3      | Ragg: yup
  2234 | D:3      | Reached XP level 6. HP: 33/39 MP: 5/5
  2255 | D:3      | tripwire: the only annoying thing is heavy armor sometimes makes ur melee attacks fumble, at least until ur armor skill gets higher
  2316 | D:3      | tripwire: chain mail prolly wont affect u at all in that way tho
  2342 | D:3      | Ragg: i got plate one game and it didnt seeem to mess me up either
  2342 | D:3      | Ragg: Idk
  2342 | D:3      | Ragg: I'm kinda not paying that much attention though lol
  2342 | D:3      | Ragg: just spamming tab a lot
  2396 | D:4      | Noticed Menkaure
  2397 | D:4      | tripwire: the curse of melee
  2397 | D:4      | tripwire: Um
  2397 | D:4      | tripwire: menkaure is DANGEROUS
  2397 | D:4      | wormskull: Damn its loud in here
  2397 | D:4      | tripwire: careful...
  2397 | D:4      | Ragg: this looks scary
  2401 | D:4      | tripwire: he can torment u which like cuts ur HP in half
  2404 | D:3      | tripwire: might want to go through a different door
  2421 | D:3      | wormskull: are the bosses rnadomly enerated or will u always find this guy and that guy that merked me
  2421 | D:3      | tripwire: sometimes they show up sometimes they dont
  2421 | D:3      | tripwire: its random
  2428 | D:4      | Killed Menkaure
  2428 | D:4      | Reached skill level 5 in Maces & Flails
  2428 | D:4      | tripwire: Um
  2428 | D:4      | tripwire: go berserk
  2429 | D:4      | tripwire: or ull die
  2446 | D:4      | tripwire: phew
  2446 | D:4      | wormskull: Epic Rage
  2448 | D:4      | Ragg: i would have been ok probably
  2448 | D:4      | Ragg: trogs hand is so good
  2448 | D:4      | Ragg: spell resist ftw.
  2451 | D:4      | tripwire: yeah true say
  2695 | D:4      | Reached XP level 7. HP: 43/43 MP: 6/6
  2722 | D:4      | tripwire: Ding
  2936 | D:4      | gowby: good luck rag
  2998 | D:4      | Ragg: thanks
  3004 | D:4      | Ragg: ...
  3004 | D:4      | wormskull: Owned
  3006 | D:4      | tripwire: well
  3007 | D:4      | tripwire: atl east u know none of the scrolls u read so far are remove curse
  3007 | D:4      | tripwire: since u already have cursed chest armor
  3007 | D:4      | Ragg: True
  3009 | D:4      | Ragg: cool
  3009 | D:4      | tripwire: everyones here
  3010 | D:4      | rlazz: good luck ragg
  3011 | D:4      | Ragg: oops
  3011 | D:4      | Ragg: ty
  3011 | D:4      | gowby: blum
  3011 | D:4      | wormskull: *starts to play the elder scrolls theme on my violin*
  3018 | D:5      | Entered Level 5 of the Dungeon
  3019 | D:5      | tripwire: lol
  3127 | D:5      | gowby: get htat wand
  3127 | D:5      | Found Niall's Jewellery Shop.
  3135 | D:5      | gowby: ok good
  3193 | D:5      | gowby: whoa cool ring
  3193 | D:5      | Ragg: Which ones of those are epic
  3193 | D:5      | tripwire: its the ring of crawling baby!! yeah!!
  3193 | D:5      | gowby: crawling
  3193 | D:5      | Ragg: I could see pahuask being good
  3193 | D:5      | Ragg: Oh
  3193 | D:5      | Ragg: Hmm
  3193 | D:5      | gowby: nah pahuask sucks
  3193 | D:5      | Ragg: Its to expensive
  3193 | D:5      | Ragg: Really
  3193 | D:5      | gowby: ya
  3193 | D:5      | Ragg: I mean ints +4 stat total
  3193 | D:5      | tripwire: yeah just save up
  3193 | D:5      | Ragg: well ok
  3193 | D:5      | Ragg: Ill save
  3205 | D:5      | gowby: stats arent as good as resists
  3205 | D:5      | rlazz: you get a lot of gold if you make it to the Orcish Mines
  3274 | D:5      | tripwire: the only stat u want as a berserker is str really
  3274 | D:5      | gowby: int is good if you want to cast spells but you cant
  3278 | D:5      | tripwire: and Juuust enough other stats to avoid getting stat drained to death
  3289 | D:5      | gowby: well dex helsp dodge i think
  3289 | D:5      | gowby: but not much
  3289 | D:5      | Ragg: Ive been raising dex
  3289 | D:5      | Ragg: for dodge yea
  3289 | D:5      | Ragg: Idk
  3289 | D:5      | tripwire: true, i just think STR is better
  3345 | D:5      | gowby: ya
  3380 | D:5      | gowby: you def want str on a zerker
  3395 | D:5      | Ragg: ok
  3397 | D:5      | tripwire: wallop things as hard as possible
  3432 | D:5      | Paralysed by a giant eyeball for 2 turns
  3436 | D:5      | gowby: i dont think you can die from stat loss anymomre tripw1re
  3458 | D:5      | tripwire: ho
  3472 | D:5      | Reached skill level 1 in Stealth
  3474 | D:5      | tripwire: thats interesting
  3483 | D:5      | tripwire: what happens
  3485 | D:5      | gowby: idk
  3485 | D:5      | tripwire: MorningSTAR!!!!
  3485 | D:5      | gowby: i think you get weird effects
  3487 | D:5      | tripwire: you found top tier rare mace yo
  3487 | D:5      | gowby: morning star owns
  3500 | D:5      | gowby: no thats evening star
  3505 | D:5      | tripwire: oh
  3515 | D:5      | gowby: morning star is still good!!!
  3515 | D:5      | tripwire: yeah my bad
  3526 | D:5      | Reached skill level 5 in Fighting
  3526 | D:5      | Reached skill level 6 in Maces & Flails
  3535 | D:5      | Reached XP level 8. HP: 34/49 MP: 7/7
  3550 | D:5      | tripwire: totalling hammering things into pulp now
  3557 | D:5      | Found a glowing golden altar of the Shining One.
  3590 | D:5      | gowby: like if your int is below zero you pass out every now and then?
  3623 | D:5      | tripwire: oh lol
  3626 | D:5      | gowby: and if your dex is below zero ou run into walls
  3648 | D:5      | tripwire: hahaha
  3696 | D:5      | gowby: much more interesting imo
  3696 | D:5      | tripwire: yeah i guess so
  3696 | D:5      | rlazz: *Gets dex drained and tries to put hand it pocket over and over again*
  3696 | D:5      | gowby: haha
  3696 | D:5      | tripwire: lol
  3792 | D:6      | tripwire: when int is 0 u will sometimes mistakenly attempt to eat your weapon
  3827 | D:6      | Reached skill level 5 in Dodging
  3866 | D:6      | wormskull: lmao
  3866 | D:6      | Ragg: øpø
  3866 | D:6      | Ragg: øpø
  3866 | D:6      | Ragg: wtf
  3866 | D:6      | Ragg: lol
  3866 | D:6      | Ragg: i cant type
  3866 | D:6      | tripwire: Opo!
  3925 | D:6      | Reached skill level 5 in Armour
  3941 | D:6      | tripwire: pretty impressive how fast u tear thru these chumps now. morningstar is sick
  3963 | D:6      | Reached skill level 7 in Maces & Flails
  4029 | D:6      | Ragg: ruh roh
  4029 | D:6      | tripwire: ium
  4029 | D:6      | tripwire: lol
  4029 | D:6      | Ragg: this is what happens when you spam tab
  4029 | D:6      | tripwire: u have blink
  4029 | D:6      | tripwire: read it and go far away
  4031 | D:6      | tripwire: and run
  4050 | D:6      | tripwire: risky...
  4050 | D:6      | rlazz: pwned
  4050 | D:6      | Ragg: good stuff
  4061 | D:6      | Ragg: now im contam
  4061 | D:6      | Ragg: help
  4061 | D:6      | tripwire: its cool
  4061 | D:6      | rlazz: its nothing
  4061 | D:6      | tripwire: its only bad when contam is YELLOW
  4061 | D:6      | Ragg: ok
  4061 | D:6      | tripwire: and its really bad when its red
  4197 | D:6      | tripwire: glow is cool
  4232 | D:6      | gowby: tha gl0w
  4239 | D:6      | tripwire: i know someone posted about a ghoul that they'd intentionally get shitloads of contam on to cause nonstop magical explosions
  4331 | D:6      | tripwire: im not sure how viable that was
  4350 | D:6      | gowby: woudlnt that cause rot
  4361 | D:6      | tripwire: no idea
  4436 | D:6      | gowby: i should play more ghouls they seem choul
  4436 | D:6      | Reached XP level 9. HP: 54/54 MP: 8/8
  4438 | D:6      | tripwire: yeah
  4500 | D:6      | tripwire: the farthest i got as a ghoul was like, swamp as a ghoul assassin
  4500 | D:6      | Ragg: ghouls are cool
  4500 | D:6      | Ragg: Cool Ghoul
  4525 | D:7      | gowby: too bad their apps stink
  4526 | D:7      | Found a staircase to the Ecumenical Temple.
  4550 | D:7      | tripwire: true
  4574 | D:7      | gowby: i mean apt
  4602 | D:7      | rlazz: what is that thing
  4604 | D:7      | gowby: theres an apt for that
  4614 | D:7      | tripwire: and like, the undead thing about no hunger doesn't really apply to them
  4652 | D:7      | rlazz: between the fountains
  4662 | D:7      | gowby: ya
  4687 | D:7      | gowby: same w/ vampires
  4762 | D:7      | gowby: i'd like to play them but its so much hassel and i already hate having to eat regularly
  4762 | D:7      | tripwire: well at least bloodless mode is a thing u can use
  4796 | D:7      | Paralysed by a giant eyeball for 4 turns
  4820 | D:7      | gowby: but no regen!!
  4820 | D:7      | tripwire: if ur like a makhleb dude
  4820 | D:7      | gowby: hm tru
  4820 | D:7      | tripwire: i mean DDs are playable and they got no regen
  4820 | D:7      | gowby: i dont play dds
  4820 | D:7      | tripwire: theres ways..
  4820 | D:7      | gowby: yea
  4820 | D:7      | tripwire: DDs are sick as hell man
  4820 | D:7      | tripwire: everyone should try a DDEE
  4838 | D:7      | tripwire: its hard to get off the ground but u get so powerful
  4860 | D:7      | gowby: i will try one
  5027 | D:7      | rlazz: DDNE was one of the 2 wins I ever got but before it was nerfed
  5082 | D:7      | rlazz: when you got all the op spells in the first book
  5084 | D:7      | tripwire: i think even with current nerfs its still pretty dang sweet
  5289 | D:8      | tripwire: cool til;eset
  5293 | D:8      | tripwire: slime dungeon
  5293 | D:8      | gowby: tripwire how do i tell when a god wrath is done
  5293 | D:8      | gowby: or how much i got left
  5302 | D:8      | tripwire: hmmm i can't remember
  5303 | D:8      | Reached skill level 8 in Maces & Flails
  5304 | D:8      | gowby: dang
  5306 | D:8      | tripwire: i know the way it works is like
  5311 | D:8      | tripwire: every X turns
  5323 | D:8      | tripwire: it reduces ur wrath counter by d5 or something like taht
  5323 | D:8      | gowby: yeah
  5328 | D:8      | tripwire: but the counter can start at like 2000 or something stupidly high
  5337 | D:8      | gowby: i wish there was a progress thing tho somewhere but i guess that might be unfair
  5337 | D:8      | tripwire: for some gods
  5337 | D:8      | Found a blossoming altar of Fedhas.
  5359 | D:8      | gowby: the thing says sif starts at 50 and goes down -1 for every wrath
  5372 | D:8      | tripwire: oh really
  5373 | D:8      | gowby: BE CAREFUL RAG
  5375 | D:8      | gowby: whew
  5375 | D:8      | Ragg: sorry
  5376 | D:8      | tripwire: lol
  5477 | D:8      | tripwire: half hippo.. half griffin
  5491 | D:8      | gowby: is this a regular dungeon level
  5513 | D:8      | tripwire: i dunno, i normally play ascii so it wouldnt look like this with the tileset..
  5520 | D:8      | tripwire: but ive definitely done this level in dungeons before
  5527 | D:8      | gowby: yeah its so green tho
  5534 | D:8      | gowby: careful rag you usually want tow ait until youre not slow no mo
  5553 | D:8      | wormskull: Holy moly this is green as hell.
  5569 | D:8      | tripwire: steam dragon eh
  5572 | D:8      | gowby: looks like marbel or something
  5575 | D:8      | tripwire: i'd say zerk
  5577 | D:8      | gowby: l@@k out
  5579 | D:8      | wormskull: Good luck ragg, this looks ominous
  5587 | D:7      | tripwire: oh
  5589 | D:7      | gowby: good call
  5589 | D:7      | tripwire: eat food
  5589 | D:7      | rlazz: Give this collection of square tiles some weed
  5635 | D:7      | tripwire: lol
  5637 | D:7      | Ragg: Mmmm... Yummy apple.
  5645 | D:8      | tripwire: zerking takes shitloads of food. might wanna keep an eye out fgor amulet of gourmand
  5647 | D:8      | tripwire: so u can stuff urself on corpses
  5758 | D:8      | tripwire: how have u not found scroll of ID yet lol
  5758 | D:8      | tripwire: this is unreal
  5758 | D:8      | tripwire: oh yeah there u go
  5758 | D:8      | Ragg: lol
  5758 | D:8      | Ragg: idk
  5758 | D:8      | rlazz: you might wanna just start reading some scrolls
  5758 | D:8      | Ragg: yea
  5759 | D:8      | tripwire: nice hit
  5760 | D:8      | gowby: theres id
  5760 | D:8      | tripwire: now u know the next scroll that picks an item is enchant armor
  5761 | D:8      | Ragg: cool
  5822 | D:8      | gowby: whats that regen and magic resist that comes on sometimes
  5825 | D:8      | gowby: is that trogs hand
  5825 | D:8      | Ragg: trogs hand
  5825 | D:8      | tripwire: yeah
  5827 | D:8      | gowby: oh cool
  5844 | D:8      | tripwire: hit ctrl+f and search for ego && armor
  5844 | D:8      | gowby: i havent played berserkes since trog got new powers haha
  5849 | D:8      | rlazz: trog puts and hand on your shoulder and says good job and you feel better
  6013 | D:8      | tripwire: lol
  6013 | D:8      | tripwire: trogs always had that power gowby
  6018 | D:8      | tripwire: since like, linley days
  6022 | D:8      | Found Xefib's Food Emporium.
  6023 | D:8      | gowby: oh
  6034 | D:8      | gowby: guess i never playd him long enough
  6045 | D:8      | gowby: or dont remember
  6073 | D:8      | rlazz: Can you call some trogg bros yet Ragg
  6073 | D:8      | Received a gift from Trog
  6074 | D:8      | Ragg: yes
  6132 | D:8      | gowby: wait
  6132 | D:8      | tripwire: its not good at low piety t ho
  6159 | D:8      | gowby: trog gave you a gift man
  6159 | D:8      | tripwire: oh yeah
  6159 | D:8      | gowby: wot is it
  6159 | D:8      | Ragg: what
  6159 | D:8      | tripwire: ctrl+f gift
  6159 | D:8      | gowby: dang
  6159 | D:8      | tripwire: NICE
  6159 | D:8      | Ragg: what in the hell is a lajatang
  6159 | D:8      | gowby: go see what it is
  6239 | D:8      | tripwire: a latajang is like
  6243 | D:8      | tripwire: a big staff with knives at both ends
  6243 | D:8      | tripwire: usually they have
  6243 | D:8      | tripwire: speed
  6243 | D:8      | tripwire: or pain
  6243 | D:8      | tripwire: brands
  6243 | D:8      | Ragg: Well im a mace user sooooooo
  6244 | D:8      | gowby: oh yeah is that htonly weapon that can get speed anmore
  6244 | D:8      | tripwire: its actually a very strong weapon
  6244 | D:8      | tripwire: try it out
  6244 | D:8      | rlazz: its the really kewl thing you need exotic weapons feat to use in NWN
  6244 | D:8      | gowby: noice
  6244 | D:8      | tripwire: yup
  6244 | D:8      | gowby: its super strong
  6244 | D:8      | tripwire: basically its gonna be like 2x the dmg output of ur morningstar
  6244 | D:8      | gowby: oh yeah
  6244 | D:8      | Ragg: oh
  6244 | D:8      | gowby: maces and staves cross train
  6244 | D:8      | Ragg: actually i can use staves
  6244 | D:8      | Ragg: huh
  6244 | D:8      | tripwire: plus it crosstrains staves
  6244 | D:8      | Ragg: how does that work?
  6244 | D:8      | gowby: so you get a big bonus to staff use
  6244 | D:8      | Ragg: do i just keep on both?
  6244 | D:8      | gowby: no turn maces off
  6244 | D:8      | Ragg: oh
  6244 | D:8      | gowby: and staves on
  6244 | D:8      | tripwire: its effectively like ur learning staves with +5 aptitude now
  6244 | D:8      | Ragg: oh nice
  6244 | D:8      | gowby: itll train super fast
  6244 | D:8      | tripwire: so u should reach 8 skill very fast
  6382 | D:8      | Reached skill level 1 in Staves
  6383 | D:8      | tripwire: this is a 2h weapon though, wheareas before u were using a 1h weapon without a shield ...
  6384 | D:8      | gowby: i gotta go now, goodbye rag, good luck and god bless
  6384 | D:8      | Ragg: bye
  6384 | D:8      | Ragg: thanks
  6471 | D:9      | tripwire: lvl 2 staves off 1 ogre
  6471 | D:9      | Ragg: shouts in stereo lol
  6472 | D:9      | tripwire: lol
  6479 | D:9      | Reached XP level 10. HP: 45/60 MP: 9/9
  6492 | D:9      | tripwire: see the Time: thing under ur hp/mp/stats
  6522 | D:9      | tripwire: theres a number in bracks (1.0)
  6525 | D:9      | tripwire: brackets
  6535 | D:9      | tripwire: thats how long ur last action took
  6536 | D:9      | tripwire: so when u swing ur weapon and its like .7
  6536 | D:9      | Ragg: oh
  6536 | D:9      | Ragg: neat
  6596 | D:9      | rlazz: sick I didnt notice that
  6596 | D:9      | Noticed Erolcha
  6599 | D:9      | tripwire: thats how u know how fast ur attacking
  6602 | D:9      | tripwire: EROLCHA DANGEROUs
  6605 | D:9      | tripwire: SHE CAN BANISH U
  6608 | D:9      | tripwire: SLOW DOWN RAGgggg
  6608 | D:9      | Ragg: im scared
  6608 | D:9      | tripwire: ok first things first
  6613 | D:9      | tripwire: ur confused
  6614 | D:9      | tripwire: SOTRP
  6615 | D:9      | tripwire: STOP RUNNMING
  6615 | D:9      | tripwire: UR GOING TO DIe
  6615 | D:9      | Ragg: oh no
  6615 | D:9      | Ragg: help
  6615 | D:9      | tripwire: she can confuse u
  6616 | D:9      | tripwire: ur not confused now
  6616 | D:9      | rlazz: take a deep breathe and look at your options
  6620 | D:9      | tripwire: look at ur inventory
  6626 | D:9      | tripwire: OH MY God ragg stop
  6626 | D:9      | Ragg: lol
  6626 | D:9      | tripwire: ok at this point u might die
  6626 | D:9      | tripwire: hear are ur options
  6626 | D:9      | tripwire: do u have any pots ided
  6626 | D:9      | Ragg: no
  6626 | D:9      | tripwire: is hyeal wounds ided?
  6626 | D:9      | wormskull: Is This The End
  6626 | D:9      | tripwire: no its possible to get out of this
  6626 | D:9      | Ragg: What if i just run
  6626 | D:9      | tripwire: a scroll of fear might give u brief respite; but its not guaranteed to scare off erolcha
  6626 | D:9      | tripwire: dont run
  6626 | D:9      | tripwire: shes a caster
  6626 | D:9      | Ragg: ok ill try the fear
  6627 | D:9      | tripwire: shes going to confuse u
  6627 | D:9      | tripwire: and then shoot u to death
  6627 | D:9      | tripwire: or banish u
  6627 | D:9      | Ragg: yay
  6660 | D:9      | tripwire: ok for c hrissakes
  6661 | D:9      | rlazz: whew
  6661 | D:9      | tripwire: when a unique is bright red
  6662 | D:9      | tripwire: that means its deadly
  6662 | D:9      | tripwire: dont rush at it
  6662 | D:9      | Ragg: lol
  6662 | D:9      | Ragg: ok
  6766 | D:9      | tripwire: get on another floor
  6766 | D:9      | tripwire: asap
  6769 | D:10     | Entered Level 10 of the Dungeon
  6782 | D:10     | tripwire: probably wanna annotate the stairs
  6785 | D:10     | tripwire: with !
  6788 | D:10     | Ragg: how
  6788 | D:10     | tripwire: just so it prompts u before going there
  6789 | D:10     | tripwire: go on the stairs and press !
  6792 | D:10     | tripwire: see it prompts now
  6792 | D:10     | Ragg: nice
  6809 | D:10     | tripwire: next time u face her
  6809 | D:10     | Ragg: I bet i can take her with MR
  6809 | D:10     | tripwire: have trogs hand up
  6809 | D:10     | Ragg: yea
  6809 | D:10     | Ragg: I wanna try
  6814 | D:10     | tripwire: but even then shes extremely dangerous
  6824 | D:10     | Ragg: No guts no glory
  6824 | D:10     | tripwire: she can effectively 1 hit kill u
  6826 | D:9      | tripwire: ur not strong enuf right now i dont thin
  6835 | D:9      | rlazz: get some bros too
  6862 | D:9      | tripwire: u need to get her in a blind alley with trog bros and trog hand up
  6868 | D:9      | tripwire: in the open
  6871 | D:9      | tripwire: shell own u
  6873 | D:9      | tripwire: she has random spells
  6877 | D:9      | tripwire: so u could get like
  6883 | D:9      | tripwire: fireballs or lightning bolted to death
  6898 | D:9      | Reached skill level 5 in Staves
  6907 | D:9      | tripwire: trolls are also bad news
  6909 | D:9      | tripwire: zerk
  6920 | D:9      | Ragg: phew
  6944 | D:9      | tripwire: trolls attack very fast
  6954 | D:9      | tripwire: and very hard
  7002 | D:9      | tripwire: ambush her around a corner
  7002 | D:9      | tripwire: sit at the corner
  7002 | D:9      | tripwire: and shouot
  7002 | D:9      | tripwire: with t
  7002 | D:9      | tripwire: she'll come over and u can hopefully sucker punch her with zerk and trog bros
  7011 | D:9      | tripwire: GO FOR IT MAN
  7011 | D:9      | rlazz: its t twice
  7013 | D:9      | tripwire: nice
  7013 | D:9      | Ragg: oh ok
  7014 | D:9      | Killed Erolcha
  7015 | D:9      | tripwire: overkilled teh fuck out of her
  7015 | D:9      | Ragg: yea nigga
  7016 | D:9      | tripwire: staves went to lvl6 lol
  7017 | D:9      | tripwire: and she might have a nice robe
  7099 | D:9      | tripwire: not that ur forced to wear a robe.. usually thats a consideration as a zerker cuz ur a troll/ogre and can't wear nice armor ;(
  7122 | D:9      | tripwire: well now u have some fire resist gear for whenu see a dragon or something
  7122 | D:9      | Ragg: fire res mite come in handy i guess
  7174 | D:9      | Noticed Edmund
  7187 | D:9      | Killed Edmund
  7303 | D:9      | Found a radiant altar of Vehumet.
  7304 | D:9      | Found a basalt altar of Yredelemnul.
  7305 | D:9      | Found a snail-covered altar of Cheibriados.
  7317 | D:9      | tripwire: neat
  7322 | D:9      | tripwire: a little mini temple
  7414 | D:9      | Ragg: I got my revenge
  7414 | D:9      | Ragg: on the yaks
  7425 | D:9      | tripwire: u can prolly turn staves off now i think
  7428 | D:9      | Ragg: how high should it be?
  7428 | D:9      | tripwire: im not sure u can go any faster than 0.5 actions per attack
  7428 | D:9      | Ragg: oh
  7428 | D:9      | tripwire: so like further levels only increase ur accuracy
  7428 | D:9      | Ragg: its almost 8 and then ill turn it off
  7428 | D:9      | tripwire: well i guess let it go to lvl7
  7430 | D:9      | tripwire: yeah
  7520 | D:9      | Found an iron altar of Okawaru.
  7595 | D:10     | Noticed a hill giant
  7607 | D:10     | Killed a hill giant
  7609 | D:10     | Ragg: jesus
  7609 | D:10     | tripwire: Thrill Giant
  7616 | D:10     | rlazz: lol
  7629 | D:10     | Got a smoking leather armour
  7630 | D:10     | tripwire: SSMMMMOkin
  7642 | D:10     | Identified the cursed -3 leather armour of Ladders and Snakes {Str+2 Dam+3} (You found it on level 10 of the Dungeon)
  7642 | D:10     | tripwire: lol
  7642 | D:10     | Ragg: what the
  7642 | D:10     | Ragg: lol
  7642 | D:10     | tripwire: actually
  7642 | D:10     | tripwire: despite being like horrible for ac
  7642 | D:10     | tripwire: thats a huge DPS boost
  7642 | D:10     | tripwire: puts u at 40DPS lol
  7642 | D:10     | Ragg: where do i see dps
  7642 | D:10     | tripwire: 16 base dmg, +0,+1, with +3 dmg would be 20.. and u attack twice a durn
  7642 | D:10     | tripwire: is how i worked that out
  7642 | D:10     | Ragg: oh
  7642 | D:10     | Ragg: right
  7642 | D:10     | Ragg: well ill try it
  7642 | D:10     | Ragg: if idie its your fault
  7642 | D:10     | tripwire: i mean
  7756 | D:10     | tripwire: ur ac is 11
  7810 | D:10     | tripwire: it was 15 before
  7810 | D:10     | tripwire: thats a big difference...
  7811 | D:10     | tripwire: but if u kill shit in 1 hit maybe it doesnt matter
  7837 | D:10     | Noticed a hill giant
  7853 | D:10     | Killed a hill giant
  7854 | D:10     | tripwire: on the other hand the thrill giant might 1hk0 u
  7854 | D:10     | Ragg: lol
  8101 | D:10     | Reached XP level 11. HP: 61/67 MP: 10/10
  8110 | D:10     | tripwire: :dukedog:
  8174 | D:10     | tripwire: have u found any spellbooks yet?
  8182 | D:10     | Found a staircase to the Orcish Mines.
  8184 | D:10     | Ragg: if i did i burnt em
  8184 | D:10     | tripwire: aw
  8184 | D:10     | tripwire: heh
  8184 | D:10     | Ragg: should i go to the mines
  8184 | D:10     | tripwire: its the ultimate trog cool thing to throw the book at them, and then burn the book
  8202 | D:10     | tripwire: uh sure
  8233 | D:10     | tripwire: u can handle mines 1-3 prolly
  8240 | D:10     | tripwire: itll be insane XP and gold
  8244 | D:10     | tripwire: u can buy that ring
  8263 | D:10     | tripwire: basically
  8269 | D:10     | tripwire: each downstairs
  8276 | D:10     | tripwire: ull be surrounded be like 20 orks
  8276 | D:10     | Ragg: cool
  8276 | D:10     | tripwire: orcs rather
  8277 | D:10     | Noticed Erica
  8278 | D:10     | tripwire: so get ready to zerk
  8278 | D:10     | rlazz: he already has relec though
  8278 | D:10     | tripwire: erica can cast spells
  8278 | D:10     | tripwire: oh dang i
  8278 | D:10     | tripwire: it tells u the spells now!
  8278 | D:10     | tripwire: it never used to
  8281 | D:10     | Noticed a hill giant
  8319 | D:10     | Killed a hill giant
  8371 | D:10     | rlazz: lol you dotn have to move faster when things are dangerous
  8378 | D:10     | Ragg: lol
  8378 | D:10     | Ragg: i panic
  8390 | D:10     | tripwire: do the opposite
  8391 | D:10     | tripwire: slow down
  8406 | D:10     | tripwire: u have in infinite time to figure out how to do things
  8428 | D:10     | Killed Erica
  8428 | D:10     | Reached skill level 9 in Armour
  8430 | D:10     | tripwire: die bitch
  8430 | D:10     | Ragg: lol
  8430 | D:10     | tripwire: there i ended your pain
  8433 | D:10     | tripwire: IM SO MAD I CANT CLOTHE MYSELF
  8444 | D:10     | tripwire: cool, 2 resist robes
  8444 | D:10     | Ragg: Cool
  8489 | D:10     | tripwire: more like, Homo Do dragon
  8489 | D:10     | rlazz: Fuck off geckoes im eating
  8489 | D:10     | Ragg: that komodo fucked me up in the lair
  8489 | D:10     | Ragg: so im not messing around
  8489 | D:10     | tripwire: oooh
  8489 | D:10     | tripwire: honeycombs
  8489 | D:10     | tripwire: delicious honeycombs
  8489 | D:10     | Ragg: that was a great run too i had a sick great mace of protection from a gift
  8489 | D:10     | Ragg: and all sorts of nice stuff
  8489 | D:10     | Ragg: i just got careles
  8490 | D:10     | tripwire: :[
  8493 | D:10     | tripwire: RIP
  8601 | D:10     | Found a staircase to the Lair.
  8614 | D:10     | tripwire: Ugh! there is something disgusting in your inventory! Youre feeling hungry!
  8660 | D:10     | tripwire: oh damn
  8688 | D:10     | tripwire: ur piety is fallin.. it was at 5 before
  8691 | D:10     | Ragg: ya
  8691 | D:10     | tripwire: i guess those trog bros did it
  8691 | D:10     | Ragg: those + the regen thing
  8839 | D:10     | tripwire: read some of ur scrolls.. at least a couple of them ahve to be enchant weapon right
  8867 | D:10     | tripwire: ooh a book
  8867 | D:10     | Ragg: hmm
  8868 | D:10     | tripwire: awww
  8868 | D:10     | Ragg: Mwahaha
  8868 | D:10     | tripwire: dude
  8868 | D:10     | tripwire: what are you doing
  8868 | D:10     | tripwire: those are like hand grenade
  8869 | D:10     | tripwire: u throw them at tough bad guys
  8869 | D:10     | tripwire: and ignite htem
  8869 | D:10     | Ragg: oh yeah
  8869 | D:10     | Ragg: Thats a good idea
  8869 | D:10     | Ragg: lol
  8869 | D:10     | tripwire: lol
  8869 | D:10     | Ragg: GOod tip
  8876 | D:10     | Noticed Harold
  8877 | D:10     | tripwire: um
  8877 | D:10     | tripwire: yeah itd be nice to have a book now lol
  8877 | D:10     | tripwire: bolt of fire is dangerous
  8877 | D:10     | Ragg: lol
  8890 | D:10     | Killed Harold
  8905 | D:10     | tripwire: aww yeah
  8944 | D:10     | rlazz: is that a SAndy tile
  8945 | D:10     | tripwire: oh yeah
  8945 | D:10     | tripwire: go up there
  8945 | D:10     | tripwire: it might be an ossuary
  8945 | D:10     | tripwire: maybe read some ID srolls, ON ur scrolls
  8945 | D:10     | Ragg: ehh
  8955 | D:10     | tripwire: oh its a beach
  8955 | D:10     | tripwire: what the hell ol
  8956 | D:10     | tripwire: they ate all those ppl
  8960 | D:10     | tripwire: thats why theres blood all over
  9041 | D:10     | Noticed Ragg's ghost (powerful GrBe)
  9052 | D:10     | tripwire: AHahahah
  9052 | D:10     | rlazz: You cut the shark fin. You are being filmed! You are being filmed!
  9052 | D:10     | tripwire: its you
  9052 | D:10     | Ragg: oh no
  9078 | D:10     | tripwire: to defeat ones self...
  9081 | D:10     | Ragg: wtf iom to strong
  9085 | D:10     | Killed Ragg's ghost
  9086 | D:10     | Ragg: die mfer
  9086 | D:10     | rlazz: WHEW
  9087 | D:10     | tripwire: its ogre...
  9145 | D:10     | Noticed Nergalle
  9146 | D:10     | tripwire: danger zone
  9149 | D:10     | tripwire: heres what her dewal is
  9150 | D:10     | tripwire: she summons hordes of ghost orcs
  9150 | D:10     | tripwire: and she can use temporary god mode
  9150 | D:10     | tripwire: and she bolt of drainings u
  9150 | D:10     | tripwire: i think that about sums it up
  9152 | D:10     | Ragg: im gonna go ham on her
  9152 | D:10     | tripwire: careFUL!
  9154 | D:10     | tripwire: remember one thing
  9160 | D:10     | tripwire: if u see the message "Nergalle stands defiently in death's door"
  9162 | D:10     | tripwire: u can't kill her
  9163 | D:10     | tripwire: and should run
  9168 | D:10     | Ragg: i htink i just fumbled
  9171 | D:10     | Killed Nergalle
  9171 | D:10     | Reached skill level 10 in Armour
  9174 | D:10     | tripwire: nice
  9189 | D:10     | rlazz: nerd gal
  9275 | D:10     | tripwire: nice
  9275 | D:10     | tripwire: u get to burn the necronomicon
  9275 | D:10     | tripwire: i wonder if it makes higherlevel explosiosn
  9320 | D:10     | rlazz: it should
  9321 | Orc:1    | Entered Level 1 of the Orcish Mines
  9322 | Orc:1    | tripwire: yeah
  9322 | Orc:1    | Ragg: thats a lot of orcs
  9322 | Orc:1    | tripwire: its orc slaughtering time!
  9326 | Orc:1    | tripwire: preists first :P
  9330 | Orc:1    | Reached skill level 10 in Fighting
  9333 | Orc:1    | rlazz: *Gta2 voice*
  9356 | Orc:1    | tripwire: kiiiiiiiiiiiiil freenzy
  9362 | Orc:1    | wormskull: Holy shit, ragg is epic.
  9365 | Orc:1    | Ragg: yea
  9373 | Orc:1    | rlazz: He's pwning
  9375 | Orc:1    | tripwire: is the latajang folks
  9389 | Orc:1    | tripwire: sac all thhese orc corpses and ull prolly get trog to max piety
  9392 | Orc:1    | tripwire: um orc has a weird layout
  9394 | Orc:1    | sugary: hell yeah gargoyle
  9394 | Orc:1    | tripwire: its got like little tunnels all over
  9410 | Orc:1    | tripwire: and even tho theres 3 up/down staircases
  9410 | Orc:1    | Ragg: noice
  9410 | Orc:1    | tripwire: u might not be able to reach them all
  9410 | Orc:1    | tripwire: and have to like , go down one and up another
  9411 | Orc:1    | tripwire: etc
  9548 | Orc:2    | tripwire: VOLCANO
  9548 | Orc:2    | sugary: lolcano
  9548 | Orc:2    | tripwire: helloy sugary
  9563 | Orc:2    | tripwire: so theres a portal to a volcano somewhere in this level, and if u can find it before it collapses
  9564 | Orc:2    | sugary: hello trip
  9568 | Orc:2    | tripwire: u get some loot
  9573 | Orc:2    | tripwire: is the dela
  9576 | Orc:2    | tripwire: *deal
  9576 | Orc:2    | Ragg: cool
  9576 | Orc:2    | wormskull: So much win
  9617 | Orc:2    | Noticed an orc knight
  9625 | Orc:2    | tripwire: RUN
  9630 | Orc:2    | tripwire: NO
  9638 | Orc:2    | tripwire: orc knight makes all orcs berserk!
  9638 | Orc:2    | tripwire: ur dead!
  9638 | Orc:2    | Ragg: lol
  9638 | Orc:2    | sugary: ohh shit dude
  9638 | Orc:2    | tripwire: u need to get out of there asap
  9638 | Orc:2    | tripwire: what scrolls do u have
  9638 | Orc:2    | sugary: yeah gtfo
  9638 | Orc:2    | tripwire: hmmm
  9638 | Orc:2    | tripwire: is scroll of teleportation IDed yet?
  9638 | Orc:2    | sugary: speed and run around?
  9638 | Orc:2    | tripwire: the thing is
  9638 | Orc:2    | tripwire: speed wont outrun them
  9638 | Orc:2    | tripwire: theyre zerking
  9638 | Orc:2    | sugary: ah shit
  9640 | Orc:2    | sugary: they are? i dont see the icon
  9652 | Orc:1    | tripwire: the orc knight whipped them into battle frenzy it just said
  9653 | Orc:1    | tripwire: phew
  9656 | Orc:1    | tripwire: nice moves
  9827 | Orc:1    | tripwire: so yeah maybne leave orc mines for now lol
  9837 | Orc:1    | tripwire: orc knight is prolly a bit too much for u to handle right now
  9837 | Orc:1    | Ragg: lol
  9837 | Orc:1    | Ragg: ok
  9880 | D:10     | tripwire: i mean.. he can smack u for like 30-40 dmg and make all the orcs berserk, thats kind of bad news
  9925 | D:10     | sugary: sometimes cool way to get away from orcs, drop thrown weapons or some potions and they might stop to pick em up
  9929 | D:10     | tripwire: yeah true
  9936 | D:10     | sugary: though that situation was probably too dangerous to do that
  9936 | D:10     | tripwire: although in orcish mines
  9938 | D:11     | tripwire: there was like
  9938 | D:11     | sugary: yeah
  9949 | D:11     | tripwire: tons of weapons EVERYwhere
  9949 | D:11     | tripwire: so
  9956 | D:11     | tripwire: stasis is generally bad
  9956 | D:11     | tripwire: stasis prevents u from teleporting
  9956 | D:11     | sugary: yeah especially for a berzerker
  9956 | D:11     | Ragg: oh
  9956 | D:11     | Ragg: why
  9956 | D:11     | tripwire: it stops u from hasting
  9956 | D:11     | sugary: yeah
  9956 | D:11     | Ragg: oh
  9956 | D:11     | Ragg: ok
  9959 | D:11     | tripwire: so u zerk at regular speedl ol
 10009 | D:11     | sugary: can stasis stop you from being abyssed?
 10012 | D:11     | tripwire: no
 10019 | D:11     | sugary: damn.
 10025 | D:11     | tripwire: it doesn't even stop taht
 10042 | D:11     | sugary: kill wighty Lol
 10045 | D:11     | tripwire: its just good to keep around if u need to like
 10062 | D:11     | tripwire: run over a teleport trap while am onster is chasing u
 10064 | D:11     | tripwire: lol
 10064 | D:11     | Ragg: hmm
 10064 | D:11     | Ragg: The staff things prolly better huh
 10064 | D:11     | tripwire: check out the stats on it ?
 10064 | D:11     | tripwire: yeah staff is WAY better
 10064 | D:11     | tripwire: twice as fast, and more base dmg
 10064 | D:11     | tripwire: did u turn off stave skill?
 10065 | D:11     | Ragg: yea
 10068 | D:11     | sugary: damn you got a latajang real early
 10068 | D:11     | tripwire: yeah trog gifts ftw
 10071 | D:11     | tripwire: hes been absolutely tearin shit up with it
 10075 | D:11     | sugary: sick
 10085 | D:11     | sugary: can you fly yet
 10105 | D:11     | tripwire: oh do gargoyles fly
 10177 | D:11     | Ragg: idk
 10177 | D:11     | Ragg: lol
 10180 | D:11     | tripwire: press A?
 10180 | D:11     | tripwire: damn
 10180 | D:11     | tripwire: gargoyles OP
 10180 | D:11     | Ragg: yea
 10204 | D:11     | tripwire: the centaur of attention
 10213 | D:11     | tripwire: NO
 10213 | D:11     | Ragg: whoa
 10213 | D:11     | tripwire: hes gonna merk u
 10213 | D:11     | tripwire: call for backup
 10215 | D:11     | tripwire: ohhhhhhh
 10225 | D:12     | Noticed a hill giant
 10226 | D:12     | tripwire: OH MY G OD
 10226 | D:12     | Ragg: ahhhhhhh
 10226 | D:12     | wormskull: lmfdao
 10226 | D:12     | sugary: oh jesus
 10230 | D:12     | tripwire: um
 10230 | D:12     | rlazz: hmmmm
 10231 | D:12     | tripwire: u have to ID teleport basically
 10231 | D:12     | tripwire: is ur only way out
 10232 | D:12     | tripwire: dont eat
 10232 | D:12     | tripwire: dont zerk
 10232 | D:12     | tripwire: u wont live
 10232 | D:12     | tripwire: look at items
 10232 | D:12     | Ragg: ok
 10232 | D:12     | tripwire: hmm
 10232 | D:12     | tripwire: so possible outs
 10232 | D:12     | sugary: ah geez all stacks of 1
 10232 | D:12     | tripwire: one of your potions could be heal wounds
 10232 | D:12     | tripwire: u haven't IDed that yet right
 10232 | D:12     | Ragg: yea
 10232 | D:12     | tripwire: and one of your scrolls can be teleport
 10232 | D:12     | tripwire: because you haven't IDed that either
 10232 | D:12     | Ragg: im gonna try scrolls i guess
 10232 | D:12     | tripwire: what other items do tyou have
 10232 | D:12     | sugary: wands might help
 10232 | D:12     | tripwire: OMG
 10232 | D:12     | tripwire: u have wands man
 10232 | D:12     | tripwire: wands
 10232 | D:12     | tripwire: go up
 10232 | D:12     | Ragg: disintegration?
 10232 | D:12     | Nihnoz: choko
 10232 | D:12     | tripwire: holy shit why werent u using these
 10232 | D:12     | Ragg: idk lol
 10232 | D:12     | Ragg: Should i try disintegrate on him
 10232 | D:12     | tripwire: ok hill giant.. how many paces away form u is he
 10232 | D:12     | Ragg: 2
 10232 | D:12     | tripwire: it might not work
 10232 | D:12     | Ragg: oh theres a dragon to
 10232 | D:12     | tripwire: have u ided any other wands
 10232 | D:12     | tripwire: yes
 10232 | D:12     | Ragg: no
 10232 | D:12     | tripwire: the dragon wont 1shot u though
 10232 | D:12     | tripwire: the hill giant will
 10232 | D:12     | Ragg: what if i just run
 10232 | D:12     | tripwire: u will die
 10232 | D:12     | Ragg: ;_;
 10232 | D:12     | tripwire: theyll both get 2-3 free shots on u
 10232 | D:12     | tripwire: so theres 3 possible outs
 10232 | D:12     | tripwire: and 1 longshot
 10232 | D:12     | tripwire: well
 10232 | D:12     | tripwire: depending how u look at it
 10232 | D:12     | tripwire: u can try one of the wands on the hill giant that ISNT ided
 10232 | D:12     | tripwire: it can possibly be fire, draining, cold
 10232 | D:12     | tripwire: or confusion
 10232 | D:12     | tripwire: or random effects, hittoing one of the above
 10232 | D:12     | tripwire: all of these might buy you some time, esp confusion
 10232 | D:12     | Ragg: Hell ill try it
 10232 | D:12     | tripwire: another option is try for a heal wounds potion among the stacks
 10232 | D:12     | sugary: or it could poly it into something like a lich
 10232 | D:12     | Ragg: hmm
 10232 | D:12     | tripwire: final option is try for an unided scroll and hit tele
 10232 | D:12     | Ragg: i have no wands skill or w/e so
 10232 | D:12     | tripwire: doesnt matter
 10232 | D:12     | Ragg: Ill try... scrolls
 10232 | D:12     | sugary: wand skill isnt really necessary, just helps some
 10232 | D:12     | tripwire: scrolls is the longshot imo
 10234 | D:12     | tripwire: at this point
 10234 | D:12     | tripwire: u need to hit heal wounds
 10234 | D:12     | tripwire: or confusion
 10234 | D:12     | Ragg: hmm
 10234 | D:12     | Ragg: FINE
 10235 | D:12     | tripwire: mmm lol
 10235 | D:12     | Ragg: lol
 10235 | D:12     | HP: 3/69 [hill giant/giant club (17)]
 10235 | D:12     | tripwire: YES
 10235 | D:12     | sugary: ohhh shit
 10236 | D:12     | rlazz: interdasting
 10236 | D:12     | tripwire: ZAP HIM WITH THIS
 10236 | D:12     | Ragg: lol
 10236 | D:12     | Ragg: its not enoguh damage though lol
 10236 | D:12     | sugary: thatll destroy him but youll also get everything else's attention
 10236 | D:12     | tripwire: u have a shot at killing him ... maybe
 10236 | D:12     | tripwire: lightning is very random dmg sometimes it can do a lot
 10236 | D:12     | Ragg: so just keep using wand of lightning?
 10236 | D:12     | Ragg: ok
 10237 | D:12     | wormskull: the map looks like a eagle nest
 10237 | D:12     | Mangled by a hill giant

Action                   |  1- 3 |  4- 6 |  7- 9 | 10-12 || total
-------------------------+-------+-------+-------+-------++-------
Melee: Mace              |   102 |   229 |    94 |       ||   425
       Morningstar       |       |       |   284 |       ||   284
       Lajatang          |       |       |    35 |   595 ||   630
Invok: Berserk           |     1 |     2 |     3 |    13 ||    19
       Burn Spellbooks   |       |     1 |       |     1 ||     2
       Trog's Hand       |       |     2 |     7 |    13 ||    22
       Brothers in Arms  |       |       |       |     1 ||     1
Evoke: Wand              |       |       |     2 |     4 ||     6
  Use: Scroll            |       |       |    13 |     9 ||    22
       Potion            |       |       |     3 |     1 ||     4
